cohdb
Replays
Latest Replays
All Replays
Popular Replays
Top Player Replays
Match Explorer
How It Works
Community
CoH3 Stats
Reddit
Sign in to upload your games and track your stats! →
Sign in with Steam
Match 46972282
Unlisted
Match 46972282
Overview
Messages
Build Orders
End
Scout Squad
Construct Weapon Support Center
Engineer Squad
M1919 Machine Gun Team
M1919 Machine Gun Team
Infantry Support Center
Selects Advanced Infantry Battlegroup
Selects Artillery Observers
Construct Motor Pool
Bazooka Squad
Construct Medical Station
M24 Chaffee Light Tank
Construct Barracks
Selects Convert to Ranger Squad
Ranger Squad
Selects Designate Assault Position
Ranger Squad
Advanced Logistics
Survival Training
Munitions Surplus
Demolitions Package
FooKilla
『BlackBear』
Lord Raven
全体欣赏音乐
0
0
Comments
sign in to comment!
No comments posted yet!